 Dungeon Crawl Stone Soup version 0.28.0-43-g3370ac3207 (webtiles) character file.

Game seed: 12863817190296441458

17 jimonade the Chopper (level 2, 0/29 HPs)
             Began as a Gnoll Cinder Acolyte on Mar 15, 2022.
             Was a High Priest of Ignis.
             Slain by a gnoll
             ... wielding a +0 spear
              (6 damage)
             ... on level 2 of the Dungeon.
             The game lasted 00:03:47 (931 turns).

jimonade the Chopper (Gnoll Cinder Acolyte)          Turns: 931, Time: 00:03:48

Health: 0/29       AC:  5    Str: 13    XL:     2   Next: 62%
Magic:  5/5        EV: 10    Int: 13    God:    Ignis [*****.]
Gold:   69         SH:  0    Dex:  7    Spells: 4/6 levels left

rFire   + + .      SeeInvis .   n - +2 short sword (vamp)
rCold   . . .      Faith    .   (no shield)
rNeg    . . .      Spirit   .   d - +0 ring mail
rPois   .          Reflect  .   (no helmet)
rElec   .          Harm     .   (no cloak)
rCorr   .          Rampage  .   (no gloves)
Will    .....                   (no boots)
Stlth   ..........              (no amulet)
HPRegen 0.09/turn               (no ring)
MPRegen 0.09/turn               (no ring)

@: no status effects
A: fangs 1, strong nose, distributed training, fire resistance 1
a: Renounce Religion, Fiery Armour, Foxfire Swarm, Rising Flame


You were on level 2 of the Dungeon.
You worshipped Ignis.
Ignis was extremely pleased with you.
You visited 1 branch of the dungeon, and saw 2 of its levels.

You collected 69 gold pieces.

Inventory:

Hand Weapons
 a - a -1 hand axe of flaming
 n - a +2 vampiric short sword (weapon)
Missiles
 j - 38 stones
 m - 30 arrows
Armour
 b - a +0 robe
 d - a +0 ring mail (worn)
 l - a +0 cloak
Scrolls
 e - a scroll of acquirement {unknown}
 f - 2 scrolls of identify {unknown}
 g - 2 scrolls of magic mapping {unknown}
 i - a scroll of vulnerability {unknown}
 k - 3 scrolls of amnesia {unknown}
 o - a scroll of fog {unknown}


   Skills:
 + Level 6.5 Fighting
 + Level 0.5 Short Blades
 + Level 0.5 Long Blades
 + Level 6.5 Axes
 + Level 0.5 Maces & Flails
 + Level 0.5 Polearms
 + Level 0.5 Staves
 + Level 0.5 Slings
 + Level 0.5 Bows
 + Level 0.5 Crossbows
 + Level 0.5 Throwing
 + Level 0.5 Armour
 + Level 0.5 Dodging
 + Level 0.5 Stealth
 + Level 0.5 Shields
 + Level 0.5 Unarmed Combat
 + Level 2.7 Spellcasting
 + Level 0.3 Conjurations
 + Level 0.3 Hexes
 + Level 0.3 Summonings
 + Level 0.3 Necromancy
 + Level 0.3 Translocations
 + Level 0.3 Transmutations
 + Level 5.3 Fire Magic
 + Level 0.3 Ice Magic
 + Level 0.3 Air Magic
 + Level 0.3 Earth Magic
 + Level 0.3 Poison Magic
 + Level 0.6 Invocations
 + Level 0.5 Evocations


You had 4 spell levels left.
You knew the following spells:

 Your Spells              Type           Power      Damage    Failure   Level
a - Scorch                Fire           30%        2d6       9%          2

Your spell library contained the following spells:

 Spells                   Type           Power      Damage    Failure   Level


Dungeon Overview and Level Annotations

Branches:
Dungeon (2/15)

Altars:


Innate Abilities, Weirdness & Mutations

You have very sharp teeth.
Your uncanny sense of smell can sniff out nearby items.
Your experience applies equally to all skills.
Your flesh is heat resistant. (rF+)


Message History

You now have 69 gold pieces (gained 10).
You hit the endoplasm. You punch the endoplasm.
The endoplasm is severely wounded.
The endoplasm hits you but does no damage.
The endoplasm freezes you.
You are frozen.
You hit the endoplasm.
You feel better.
You kill the endoplasm!
No target in view!
A gnoll comes into view. It is wielding a +0 spear. x2
A gnoll comes into view. It is wielding a +0 whip.
The gnoll shouts! x3
A gnoll comes into view. It is wielding a +0 whip.
You barely miss the gnoll. Your bite misses the gnoll.
The gnoll hits you with a +0 whip.
You hit the gnoll but do no damage.
The gnoll hits you from afar with a +0 spear.
The gnoll barely misses you.
You hit the gnoll. You bite the gnoll, but do no damage.
The gnoll is moderately wounded.
The gnoll hits you from afar with a +0 spear.
The gnoll hits you but does no damage.
You hit the gnoll.
You feel better.
You bite the gnoll.
The gnoll is heavily wounded.
The gnoll hits you from afar with a +0 spear.
The gnoll closely misses you. The gnoll misses you.
You hit the gnoll.
You feel better.
The gnoll is severely wounded.
The gnoll hits you but does no damage.
The gnoll hits you from afar with a +0 spear!
* * * LOW HITPOINT WARNING * * *
The gnoll hits you with a +0 whip.
* * * LOW HITPOINT WARNING * * *
It was a potion of mutation.
You feel extremely strange.
You feel resistant to heat. The gnoll barely misses you. The gnoll misses you.
The gnoll hits you but does no damage.
It was a potion of magic.
Magic courses through your body.
The gnoll hits you from afar with a +0 spear.
You die...

≈≈Pg...# ..# ###..
.....### ≈≈.^g..#
#.##.... #.....
≈≈.....# ####.#..#
#.#...
≈≈≈P...#####g..>..#
#.#...
≈≈≈≈≈...g.g..##.###
#.#...
≈≈≈≈≈P.....####g##
#.#... ≈≈≈≈..######
#gg# #####.#...
≈≈..P....#######g#
#.........
≈≈....##......##@#
#.####....
P.....#######....#
#.# #.### ##.####
###..#######.# #.#
... #........#.#
#.# ## ##..####...#
#.# #........†##
#.#
#......##..###.##
#.....####..##..#
####### ##.>...#


You could see 4 gnolls.

Vanquished Creatures
  A dart slug (D:2)
  A bat (D:1)
  3 endoplasms (D:2)
  2 hobgoblins (D:1)
  2 kobolds (D:1)
  A quokka (D:2)
  2 ball pythons
  A rat (D:2)
13 creatures vanquished.

Notes
Turn   | Place    | Note
-------+----------+-------------------------------------------
     0 | D:1      | jimonade the Gnoll Cinder Acolyte began the quest for the
                  | Orb.
     0 | D:1      | Reached XP level 1. HP: 23/23 MP: 4/4
   522 | D:1      | Reached XP level 2. HP: 29/29 MP: 5/5
   736 | D:1      | Learned a level 2 spell: Scorch
   930 | D:2      | Gained mutation: Your flesh is heat resistant. (rF+)
                  | [potion of mutation]
   931 | D:2      | Slain by a gnoll

Illustrated notes

Levels and vault maps discovered:
D:1:      amcnicky_arrival_abandoned_market, layout_basic
D:2:      layout_rooms, serial_shops, shop, basic_altar,
          guppyfry_early_lair_pool

Action                   || total
-------------------------++-------
Melee: Hand axe          ||    17
       Bite              ||     6
       Short sword       ||    21
       Punch             ||     1
  Use: Potion            ||     2
Armor: Ring mail         ||     9
Dodge: Dodged            ||    24
